AoeStats
← Smitthh 9736

Arena

508845959Analyzed
3v3 RM · 9d ago on Sep 24, 2026· 57m 3s· 6 players
Game mode
Random Map
Map size
Normal (6 player)
Population
200
Speed
Normal
Resources
Standard
Victory
Conquest
Starting age
Dark Age
Ending age
Imperial Age
RankedLock teamsTeams togetherTeam positionsShared explorationLock speedFull tech treeHidden civsTurbo modeCheats
Victory
Defeat
🇨🇳 Portuguese · China
969
+19
🇦🇺 Danes · Australia
910
+21
🇫🇷 Britons · France
906
+21
🇩🇪 Franks · Germany
1052
-21
🇬🇧 Jurchens · United Kingdom
1044
-21
🇩🇪 Portuguese · Germany
981
-19
xAb0rt_N0w
11:30 Feudal Age
15:06 Castle Age
13:11 Double-Bit Axe
13:25 Horse Collar
16:17 Bow Saw
16:22 Heavy Plow
19:20 Loom
20:20 Wheelbarrow
21:18 Town Watch
21:51 Hand Cart
24:46 Stone Mining
24:50 Gold Mining
26:08 Stone Shaft Mining
29:26 Imperial Age
26:57 Town Patrol
27:37 Scale Barding Armor
27:42 Forging
27:50 Scale Mail Armor
28:01 Forging
28:56 Ballistics
28:31 Fletching
28:41 Padded Archer Armor
28:05 Crossbowman
28:50 Thumb Ring
29:38 Arbalester
30:18 Bodkin Arrow
31:10 Conscription
32:19 Chemistry
33:15 Bracer
33:31 Leather Archer Armor
33:33 Pikeman
33:58 Arson
34:32 Chain Mail Armor
34:52 Iron Casting
37:45 Two-Man Saw
37:17 Crop Rotation
36:20 Halberdier
38:53 Ring Archer Armor
38:54 Plate Mail Armor
39:33 Blast Furnace
39:07 Siege Engineers
38:44 Treadmill Crane
39:14 Masonry
39:02 Murder Holes
39:17 Fortified Wall
44:13 Scale Barding Armor
44:52 Bloodlines
44:42 Husbandry
44:05 Light Cavalry
Alex
11:48 Feudal Age
15:24 Castle Age
14:37 Double-Bit Axe
18:30 Gold Mining
18:20 Man-at-Arms
20:19 Loom
21:37 Gambesons
23:00 Bow Saw
24:10 Horse Collar
24:28 Fletching
25:06 Heavy Plow
25:41 Bodkin Arrow
26:34 Murder Holes
28:27 Gold Shaft Mining
29:10 Fortified Bastions
29:28 Masonry
34:57 Imperial Age
32:56 Stone Mining
34:33 Stone Shaft Mining
36:28 Fortified Wall
37:51 Siege Engineers
39:18 Treadmill Crane
39:55 Bracer
43:25 Heavy Rocket Cart
50:47 Chemistry
50:44 Crop Rotation
51:21 Thunderclap Bombs
53:40 Padded Archer Armor
SalBaKiz
3:09 Loom
12:40 Feudal Age
14:13 Double-Bit Axe
16:45 Castle Age
17:13 Scale Barding Armor
17:19 Forging
18:58 Bow Saw
21:20 Wheelbarrow
21:57 Gold Mining
23:31 Chain Barding Armor
24:51 Gold Shaft Mining
27:28 Fortified Wall
27:14 Murder Holes
27:58 Iron Casting
27:28 Husbandry
27:43 Stone Mining
29:54 Hand Cart
32:18 Imperial Age
32:13 Town Watch
32:25 Cavalier
33:43 Plate Barding Armor
36:17 Hoardings
35:56 Masonry
36:33 Caravan
39:52 Blast Furnace
40:12 Fletching
40:23 Padded Archer Armor
40:24 Paladin
41:18 Bodkin Arrow
岡門偏佐
1:56 Loom
10:25 Feudal Age
15:11 Castle Age
13:32 Stone Mining
13:38 Double-Bit Axe
18:09 Gold Mining
18:01 Horse Collar
23:24 Wheelbarrow
24:44 Heavy Plow
25:33 Fletching
29:52 Imperial Age
31:17 Bow Saw
31:55 Arquebus
32:46 Conscription
34:04 Chemistry
35:12 Cavalier
36:16 Scale Barding Armor
36:12 Padded Archer Armor
36:21 Husbandry
36:32 Bloodlines
37:53 Guilds
39:17 Elite Skirmisher
41:16 Two-Man Saw
40:51 Crop Rotation
41:47 Bodkin Arrow
42:07 Leather Archer Armor
42:19 Ballistics
43:39 Bracer
44:05 Masonry
45:14 Ring Archer Armor
48:40 Treadmill Crane
49:31 Architecture
48:41 Light Cavalry
51:21 Hand Cart
52:01 Forging
52:11 Chain Barding Armor
51:52 Scale Mail Armor
57:37 Plate Barding Armor
57:38 Iron Casting
Cwark San
0:28 Loom
12:03 Feudal Age
12:59 Double-Bit Axe
12:55 Horse Collar
13:50 Gold Mining
15:05 Wheelbarrow
17:47 Castle Age
16:26 Stone Mining
18:34 Forging
18:25 Scale Mail Armor
18:59 Squires
18:45 Arson
24:50 Gambesons
27:49 Gold Shaft Mining
27:29 Bow Saw
27:23 Scale Mail Armor
29:44 Hand Cart
29:24 Town Watch
30:47 Stone Shaft Mining
30:56 Iron Casting
31:22 Chain Mail Armor
32:27 Town Patrol
33:11 Fletching
38:25 Imperial Age
35:52 Bodkin Arrow
36:30 Hamask
38:29 Onager
39:27 Elite Varangian Guard
40:46 Padded Archer Armor
40:09 Elite Skirmisher
42:00 Plate Mail Armor
41:59 Conscription
43:44 Leather Archer Armor
44:22 Bracer
46:23 Blast Furnace
46:15 Ring Archer Armor
46:22 Heavy Plow
47:14 Thumb Ring
48:51 Hoardings
51:40 Capped Ram
52:37 Northmen's Fury
52:38 Elite Jomsviking
54:29 Ballistics
55:10 Chemistry
54:15 Siege Engineers
54:06 Murder Holes
54:21 Masonry
Smitthh 9736
12:19 Feudal Age
11:18 Loom
14:43 Horse Collar
14:50 Double-Bit Axe
17:36 Castle Age
15:34 Gold Mining
16:11 Fletching
17:43 Padded Archer Armor
18:07 Crossbowman
19:10 Leather Archer Armor
23:54 Heavy Plow
32:07 Imperial Age
30:13 Bow Saw
30:40 Gold Shaft Mining
30:20 Heavy Plow
31:34 Ballistics
32:23 Bodkin Arrow
33:40 Wheelbarrow
34:15 Conscription
34:06 Arbalester
36:16 Bracer
41:57 Chemistry
46:55 Ring Archer Armor
Connection lost

Rejoining the realm…

Still unreachable

The connection could not be restored.

Session expired

The server has moved on; the page needs a fresh start.